AoeStats
← |GaoeG| flamingo

Lombardia

507509216Analyzed
4v4 RM · 14d ago on Sep 18, 2026· 63m 52s· 8 players
Game mode
Random Map
Map size
Large (8 player)
Population
200
Speed
Normal
Resources
Standard
Victory
Conquest
Starting age
Dark Age
Ending age
Imperial Age
RankedLock teamsTeams togetherTeam positionsShared explorationLock speedFull tech treeHidden civsTurbo modeCheats
Victory
Defeat
🇮🇹 Britons · Italy
1308
+14
🇪🇸 Saracens · Spain
1275
+15
🇸🇪 Lithuanians · Sweden
1263
+16
🇬🇷 Franks · Greece
1253
+16
🇨🇳 Maya · China
1338
-19
🇪🇸 Spanish · Spain
1312
-17
🇩🇪 Lithuanians · Germany
1211
-13
🇪🇸 Khmer · Spain
1165
-12
KingGustavRed
9:23 Loom
12:40 Feudal Age
11:20 Loom
16:24 Castle Age
14:31 Double-Bit Axe
16:28 Horse Collar
18:20 Bow Saw
20:49 Heavy Plow
25:10 Wheelbarrow
25:44 Gold Mining
26:37 Town Watch
27:29 Hand Cart
29:33 Scale Barding Armor
30:20 Fletching
34:49 Imperial Age
32:50 Bloodlines
32:41 Husbandry
32:52 Forging
33:19 Stone Mining
34:36 Masonry
34:36 Fortified Wall
35:04 Iron Casting
35:20 Cavalier
36:44 Chain Barding Armor
38:25 Conscription
38:51 Plate Barding Armor
39:05 Bodkin Arrow
39:41 Architecture
40:43 Chemistry
42:42 Two-Man Saw
42:13 Crop Rotation
42:08 Light Cavalry
42:23 Paladin
43:04 Treadmill Crane
43:46 Ballistics
43:28 Bracer
44:19 Hoardings
46:57 Winged Hussar
49:17 Murder Holes
50:42 Tower Shields
54:48 Capped Ram
58:34 Bombard Tower
58:40 Scale Mail Armor
HSL | errik
8:15 Loom
10:54 Feudal Age
16:07 Castle Age
14:17 Horse Collar
14:28 Double-Bit Axe
18:58 Bow Saw
23:58 Wheelbarrow
24:06 Gold Mining
24:20 Fletching
25:01 Stone Mining
26:32 Hand Cart
26:48 Bodkin Arrow
27:13 Masonry
27:28 Ballistics
27:19 Masonry
28:06 Padded Archer Armor
31:11 Imperial Age
28:21 Pikeman
29:02 Squires
29:18 Leather Archer Armor
29:04 Scale Mail Armor
29:28 Town Watch
31:29 Gold Shaft Mining
31:13 Chain Mail Armor
31:09 Forging
30:54 Arson
31:43 Crossbowman
32:46 Conscription
33:55 Two-Man Saw
33:20 Heavy Plow
33:48 Yeomen
34:03 Hoardings
34:36 Chemistry
34:32 Bracer
35:59 Fortified Wall
36:20 Architecture
37:12 Iron Casting
37:57 Elite Longbowman
40:41 Halberdier
41:52 Ring Archer Armor
41:53 Plate Mail Armor
43:44 Caravan
44:39 Siege Engineers
47:22 Blast Furnace
56:05 Man-at-Arms
56:30 Gambesons
63:24 Long Swordsman
El coco
6:28 Loom
9:20 Feudal Age
9:51 Double-Bit Axe
9:47 Horse Collar
11:01 Town Watch
14:29 Forging
21:45 Castle Age
22:08 Stone Mining
22:08 Gold Mining
22:44 Bow Saw
22:35 Heavy Plow
25:46 Wheelbarrow
25:49 Town Patrol
27:37 Gold Shaft Mining
28:44 Hand Cart
31:41 Fortified Wall
31:42 Masonry
35:27 Imperial Age
33:53 Husbandry
34:03 Bloodlines
36:12 Iron Casting
35:42 Scale Barding Armor
35:28 Fletching
35:38 Padded Archer Armor
35:40 Elite Mameluke
36:41 Conscription
36:24 Bodkin Arrow
37:34 Chemistry
36:55 Ballistics
39:28 Hoardings
39:47 Leather Archer Armor
39:37 Bracer
41:08 Ring Archer Armor
40:46 Scale Barding Armor
42:10 Iron Casting
41:55 Chain Barding Armor
42:14 Siege Engineers
44:02 Counterweights
44:02 Bimaristan
45:04 Blast Furnace
44:39 Plate Barding Armor
44:15 Heavy Camel Rider
45:36 Murder Holes
45:22 Treadmill Crane
46:53 Caravan
47:23 Coinage
47:39 Light Cavalry
48:44 Hussar
53:09 Scale Mail Armor
53:42 Banking
55:36 Thumb Ring
54:52 Crossbowman
55:57 Parthian Tactics
54:53 Heavy Cavalry Archer
57:00 Arbalester
Papiz96
5:02 Loom
10:00 Feudal Age
11:02 Double-Bit Axe
19:14 Castle Age
17:26 Scale Barding Armor
17:16 Gold Mining
18:51 Wheelbarrow
20:37 Bow Saw
20:47 Husbandry
24:03 Husbandry
24:43 Light Cavalry
26:24 Hand Cart
25:55 Town Watch
33:13 Chain Barding Armor
33:04 Forging
33:13 Stone Mining
37:04 Imperial Age
37:12 Imperial Age
35:44 Iron Casting
36:27 Pikeman
37:08 Squires
37:16 Cavalier
38:35 Plate Barding Armor
38:37 Chivalry
38:58 Conscription
39:18 Paladin
44:56 Caravan
56:57 Hoardings
58:29 Masonry
61:54 Fletching
63:07 Blast Furnace
61:57 Fletching
SuterOne
10:52 Feudal Age
11:30 Double-Bit Axe
13:49 Loom
16:33 Castle Age
15:11 Horse Collar
19:28 Wheelbarrow
19:35 Bow Saw
29:50 Imperial Age
28:03 Bloodlines
28:12 Heavy Plow
28:06 Gold Mining
28:34 Husbandry
29:02 Town Watch
29:33 Scale Barding Armor
29:38 Forging
30:29 Hand Cart
31:15 Conscription
31:45 Chain Barding Armor
32:49 Iron Casting
32:46 Town Patrol
33:07 Elite Battle Elephant
34:57 Plate Barding Armor
36:27 Blast Furnace
39:49 Tusk Swords
40:52 Elite Ballista Elephant
42:27 Fletching
43:38 Bodkin Arrow
45:52 Chemistry
45:14 Ballistics
45:50 Double Crossbow
45:56 Double Crossbow
49:53 Bracer
50:57 Caravan
Greiffović
4:44 Loom
10:57 Feudal Age
15:21 Castle Age
15:31 Stone Mining
20:59 Fervor
25:19 Pikeman
27:03 Squires
28:39 Double-Bit Axe
30:19 Wheelbarrow
31:21 Horse Collar
31:32 Fletching
31:53 Forging
31:49 Scale Barding Armor
33:52 Scale Mail Armor
37:31 Imperial Age
35:16 Fortified Wall
35:38 Masonry
35:09 Treadmill Crane
36:37 Heavy Plow
36:49 Bow Saw
37:38 Iron Casting
37:46 Ballistics
37:22 Bodkin Arrow
37:16 Arson
37:38 Halberdier
40:03 Elite Skirmisher
40:45 Bracer
43:01 Chain Mail Armor
42:47 Padded Archer Armor
43:14 Gold Mining
43:56 Conscription
44:56 Leather Archer Armor
47:25 Ring Archer Armor
47:01 Tower Shields
48:04 Chemistry
47:35 Architecture
49:19 Hill Forts
49:18 Elite Leitis
50:58 Stone Shaft Mining
50:56 Crop Rotation
50:42 Hand Cart
53:21 Two-Man Saw
52:53 Chain Barding Armor
52:30 Murder Holes
58:37 Thumb Ring
59:31 Plate Barding Armor
59:21 Thumb Ring
62:48 Town Watch
|GaoeG| flamingo
9:31 Loom
12:05 Feudal Age
13:28 Double-Bit Axe
15:47 Castle Age
16:41 Horse Collar
22:11 Bow Saw
22:03 Heavy Plow
27:52 Gold Mining
29:01 Wheelbarrow
30:58 Hand Cart
34:44 Imperial Age
33:11 Bloodlines
33:02 Husbandry
33:24 Stone Mining
34:00 Padded Archer Armor
34:19 Town Watch
36:01 Conscription
36:50 Chemistry
41:41 Caravan
44:13 Cavalier
45:02 Scale Barding Armor
45:07 Forging
46:19 Paladin
47:58 Chain Barding Armor
48:26 Iron Casting
51:09 Plate Barding Armor
51:37 Blast Furnace
50:28 Fletching
50:54 Leather Archer Armor
54:05 Elite Skirmisher
55:55 Thumb Ring
56:35 Ballistics
56:16 Bodkin Arrow
56:51 Ring Archer Armor
57:18 Ring Archer Armor
60:38 Bracer
刀他(她)
0:38 Loom
10:50 Feudal Age
15:06 Castle Age
12:58 Double-Bit Axe
13:38 Horse Collar
19:33 Wheelbarrow
22:11 Squires
21:56 Arson
23:37 Gold Mining
24:14 Arson
25:02 Eagle Warrior
26:39 Forging
33:13 Imperial Age
32:51 Stone Mining
33:08 Heavy Plow
34:05 Hand Cart
33:39 Elite Eagle Warrior
34:58 Conscription
35:39 Town Watch
35:34 Pikeman
38:00 Crop Rotation
37:41 Bow Saw
40:06 Holcans
40:09 Town Patrol
40:55 Iron Casting
40:21 Scale Mail Armor
40:46 Caravan
45:43 Blast Furnace
44:58 Chain Mail Armor
44:55 Halberdier
48:08 Plate Mail Armor
53:05 Capped Ram
55:07 Fletching
55:17 Padded Archer Armor
55:20 Hul'che Javelineers
54:53 Siege Ram
55:56 Thumb Ring
55:12 Elite Skirmisher
57:00 Two-Man Saw
56:19 Bodkin Arrow
57:41 Bracer
58:09 Ballistics
58:10 Leather Archer Armor
59:42 Chemistry
61:09 Ring Archer Armor
Connection lost

Rejoining the realm…

Still unreachable

The connection could not be restored.

Session expired

The server has moved on; the page needs a fresh start.